 Dungeon Crawl Stone Soup version 0.30-a0-578-gdee14c521f (webtiles) character file.

Game seed: 13436029784489428126

143 Persephone the Poker (level 5, 0/73 HPs)
             Began as a Naga Berserker on Jan 1, 2023.
             Was a Believer of Trog.
             Slain by an adder (2 damage)
             ... on level 2 of the Dungeon.
             The game lasted 00:03:09 (1286 turns).

Persephone the Poker (Naga Berserker)               Turns: 1286, Time: 00:03:10

Health: 0/73       AC: 22    Str: 22    XL:     5   Next: 25%
Magic:  5/5        EV:  1    Int:  7    God:    Trog [**....]
Gold:   60         SH:  0    Dex: 10    Spells: 4/4 levels left

rFire   . . .      SeeInvis +    a - +0 spear
rCold   . . .      Faith    .    (no shield)
rNeg    . . .      Spirit   .    (body armour currently unavailable)
rPois   +          Reflect  .    (helmet currently unavailable)
rElec   .          Harm     .    (cloak currently unavailable)
rCorr   .          Rampage  .    (gloves currently unavailable)
Will    .....      NoTele   +    (no barding)
Stlth   +                        (no amulet)
HPRegen 0.32/turn                (no ring)
MPRegen 0.09/turn                (no ring)

@: tree-form (expiring)
A: stationary, stasis, torment immunity, boosted hp, AC +1, large, see
invisible, (deformed body), (poison resistance), (slowness 2), spit poison 1,
(naga tail 1)
a: Spit Poison, Renounce Religion, Berserk, Trog's Hand


You were on level 2 of the Dungeon.
You worshipped Trog.
Trog was pleased with you.
You were a tree.
You visited 1 branch of the dungeon, and saw 2 of its levels.

You collected 60 gold pieces.

Inventory:

Hand Weapons
 a - a +0 spear (weapon)
Armour
 b - a +0 animal skin (melded)
 l - a +2 cloak (melded)
Jewellery
 c - a ring of flight
Wands
 k - a wand of polymorph (7)
Scrolls
 d - a scroll of immolation {unknown}
 e - 4 scrolls of teleportation {unknown}
 f - a scroll of identify {unknown}
 g - a scroll of fear {unknown}
 h - a scroll of amnesia {unknown}


   Skills:
 - Level 3.0 Fighting
 + Level 5.7 Polearms
 - Level 1.6 Armour
 - Level 1.6 Dodging


You had 4 spell levels left.
You didn't know any spells.
Your spell library was empty.

Dungeon Overview and Level Annotations

Branches:
Dungeon (2/15)

Altars:


Innate Abilities, Weirdness & Mutations

You are a tree.
Your roots penetrate the ground, keeping you stationary.
You cannot be teleported.
You are immune to unholy pain and torment.
Your maximum health is greatly increased.
Your equipment is partially melded.
((Your serpentine skin is tough. (AC +1)))
You have supernaturally acute eyesight. (SInv)
((Armour fits poorly on your strangely shaped body.))
((Your system is resistant to poisons. (rPois)))
((You cover ground very slowly.))
You can spit poison.
((You have a snake-like lower body.))


Message History

The gnoll closely misses you.
It was a potion of lignification.
You turn into a tree.
Your +2 cloak melds into your body.
Your +0 animal skin melds into your body.
Your roots penetrate the ground.
The gnoll hits you with a +0 flail.
* * * LOW HITPOINT WARNING * * *
Aiming: Spit Poison (1% risk of failure)
Press: ? - help, Shift-Dir - straight line, f/p - gnoll
Aim: a gnoll, wielding a +0 flail (severely wounded, 65% to hit)
The splash of poison hits the gnoll!
You kill the gnoll!
Trog accepts your kill.
You feel yourself speed up. The adder bites you but does no damage.
You hit the adder but do no damage. The adder bites you but does no damage.
You hit the adder but do no damage. The adder bites you but does no damage.
You hit the adder.
The adder is lightly wounded.
The adder bites you but does no damage. x2
You closely miss the adder. The adder bites you but does no damage.
You can't do that yet.
Unknown command.
You closely miss the adder. The adder bites you but does no damage.
You closely miss the adder.
You have got your breath back.
The adder bites you but does no damage.
You hit the adder but do no damage. The adder bites you but does no damage.
You closely miss the adder. The adder bites you but does no damage.
You hit the adder.
The adder is lightly wounded.
The adder bites you but does no damage.
You barely miss the adder.
The adder is lightly wounded.
Your transformation is almost over.
You recover from your berserk rage.
The adder bites you.
* * * LOW HITPOINT WARNING * * *
You hit the adder.
The adder is heavily wounded.
The adder bites you.
You die...

... ... .....# ..
#....# .. #....#
#.#####..>.#
..####.#...#....#
.......#.#.#....######
......)S...#..........
......##♣###...#######
..... #......#......##
.... ######.........#
... #.#.##.#### ..
#.#.....# #
#.####.######
#............
######.######
#.......# #


You could see an adder.

Vanquished Creatures
  Crazy Yiuf (D:2)
  Jessica (D:2)
  4 gnolls (D:2)
  An adder (D:2)
  7 ball pythons
  2 endoplasms (D:1)
  3 giant cockroaches
  5 hobgoblins (D:1)
  2 quokkas (D:2)
  4 bats (D:1)
  4 frilled lizards (D:1)
  A goblin (D:1)
  5 kobolds
  4 rats
  A spectral hobgoblin (D:2)
45 creatures vanquished.

Notes
Turn   | Place    | Note
-------+----------+-------------------------------------------
     0 | D:1      | Persephone the Naga Berserker began the quest for the Orb.
     0 | D:1      | Reached XP level 1. HP: 21/21 MP: 1/1
    68 | D:1      | Reached XP level 2. HP: 17/28 MP: 2/2
   401 | D:1      | Reached ** piety under Trog
   404 | D:1      | Reached skill level 4 in Polearms
   464 | D:1      | Reached XP level 3. HP: 32/34 MP: 3/3
   832 | D:2      | Found a faded altar of an unknown god.
   914 | D:2      | Found a runed translucent door.
   915 | D:2      | Noticed Crazy Yiuf
  1003 | D:2      | Killed Crazy Yiuf
  1004 | D:2      | Reached XP level 4. HP: 37/42 MP: 4/4
  1102 | D:2      | Noticed Jessica
  1125 | D:2      | Killed Jessica
  1126 | D:2      | Reached skill level 5 in Polearms
  1248 | D:2      | Reached XP level 5. HP: 34/49 MP: 5/5
  1272 | D:2      | HP: 2/49 [gnoll/+0 flail (8)]
  1285 | D:2      | HP: 2/73 [adder (2)]
  1286 | D:2      | Slain by an adder

Illustrated notes

Levels and vault maps discovered:
D:1:      giann_horns, layout_basic
D:2:      layout_basic, basic_altar, dreamdust_ecumenical_altar_drowned_temple,
          uniq_jessica, uniq_crazy_yiuf_cottage

Skill      XL: |  1  2  3  4 |
---------------+-------------+-----
Polearms       | 4 5 |  5.7
Fighting       | |  3.0
Armour         | |  1.6
Dodging        | |  1.6

Action                   |  1- 3 |  4- 6 || total
-------------------------+-------+-------++-------
Melee: Spear             |    80 |    56 ||   136
       Punch             |     2 |     1 ||     3
Invok: Berserk           |     1 |     2 ||     3
       Trog's Hand       |       |     3 ||     3
 Abil: Spit Poison       |     6 |     4 ||    10
  Use: Potion            |       |     1 ||     1
 Stab: Sleeping          |     3 |       ||     3
       Distracted        |     1 |       ||     1
Armor: Animal skin       |     7 |    11 ||    18
       Skin              |       |    11 ||    11
Dodge: Dodged            |    28 |    23 ||    51

Table legend: (Time is in decaauts)
 A = Elapsed time spent in this place.
 B = Non-inter-level travel time spent in this place.
 C = Inter-level travel time spent in this place.
 D = Time resting spent in this place.
 E = Time spent auto-exploring this place.
 F = Levels seen in this place.
 G = Mean time per level.
                   A        B        C        D        E       F      G
               +--------+--------+--------+--------+--------+-----+--------+
         Total |   1638 |   1565 |     73 |      0 |   1296 |   2 |  819.0 |
       Dungeon |   1638 |   1565 |     73 |      0 |   1296 |   2 |  819.0 |
               +--------+--------+--------+--------+--------+-----+--------+

Top non-repeatable levels by time:
     D:1: 995 daAuts
     D:2: 643 daAuts
